Workbook
Name consortium: 'Rappels des règles budgétaires'!$C$28:$G$28

Sheet Mode Opératoire
B2: Mode Opératoire pour une demande budgétaire Prématuration/Maturation Consortium CACTUS / CATRIEM / CIRCLE / COMBIO / COMS@N
B4: Préambule
C5: Le fichier est valable pour les projets de prématuration et de maturation.
B7: A compléter et contrôler par le membre proposant le projet, préalablement au comité d'engagement
C9: Informations générales :
D10: compléter toutes les cellules en jaune
D11: si une cellule devient rouge, c'est qu'une règle n'a pas été respectée ; en cliquant dessus la règle vous sera rappelée
C13: Budget demandé : compléter :
D14: Pour la partie Apport du/des cofinanceur(s) vous pouvez faire le choix ou non de détailler l'apport par ligne budgétaire : cellule J21
D15: Pour la partie demandée au consortium vous devez obligatoirement détailler par type de charges (cellules en jaune, colonne L (et M si 2è récipiendaire))
C17: Contrôles et alertes
D18: Une fois le fichier rempli, vérifier qu'aucune cellule n'apparait en rouge, sinon corriger
D19: Vérifier qu'aucune alerte n'apparait en route dans les cellules V6 à V15
C20: Nb : toute demande budgétaire pour laquelle tous les contrôles ne seraient pas OK ne sera pas traitée par le consortium

Sheet Rappels des règles budgétaires
B2: Règles budgétaires pour une demande de financement de Prématuration/Maturation Consortium CACTUS / CATRIEM / CIRCLE / COMBIO / COMS@N
A5: Frais éligibles
B6: Ne doivent pas être inclus dans les demandes budgétaires (apport ou demande au consortium) :
B7: - Les salaires des chercheurs statutaires
B8: - L'amortissement des équipements
B9: - Les frais de gestion / d'environnement doivent être renseignés dans la ligne 35
B10: Personnels permanents de l'OTT en charge des projets : pour CATRIEM, COMBIO ou COMS@N ce montant doit être inférieur à 15% des charges directes, hors PI
B12: Pour les projets bénéficiant d'un financement FEDER, le demandeur doit se référer à l'appel à projet prémat / mat pour vérifier qu'il n'y ait pas de double financement FEDER + SNA
B14: Les dépenses réceptionnées après le 15/02/2030 ne seront pas prises en charge par la SNA
B16: Frais de PI
B17: Pour CATRIEM, COMBIO et COMS@N : les frais de PI sont plafonnés à 80 K€ sur le continuum prémat + mat
B18: Pour CACTUS, CIRCLE :
B19: - les frais de PI sont non éligibles en prématuration
B20: - les frais de PI sont plafonnés à 80 K€ pour la maturation
B22: Type de projet | C22: Ratio max : Frais directs demandés au consortium / Apport du cofinanceur Onglet "demande budgétaire" calcul = 029/J39
C23: CACTUS | D23: CATRIEM | E23: CIRCLE | F23: COMBIO | G23: COMS@N
B24: Prématuration | D24: pas de cofinancement exigé | F24: 4 | G24: 4
B25: Maturation | C25: 1 | D25: =65/35 -> 1.8571429 | E25: 1 | F25: 1 | G25: 1
C27: Plafond des frais directs demandés au consortium
B28: Type de projet | C28: CACTUS | D28: CATRIEM | E28: CIRCLE | F28: COMBIO | G28: COMS@N
B29: Prématuration | C29: 80000 | D29: 150000 | E29: 80000 | F29: 120000 | G29: 120000
B30: Maturation | C30: 400000 | D30: 400000 | E30: 400000 | F30: 400000 | G30: 400000
C31: au-delà, la demande budgétaire devra-être étayée et validée par le coordinateur/coordinatrice
A33: Répartition des versements
B35: Type de projet | C35: Tranche 1 | D35: Tranche 2 | E35: Tranche 3
C36: au démarrage | D36: sur justificatif des dépenses de la tranche 1 | E36: à la cloture du projet
B37: Prématuration | C37: 1 | D37: - | E37: -
B38: Maturation | C38: 0.5 | D38: 0.3 | E38: 0.2

Sheet Demande budgétaire
L2: ="Demande budgétaire projet "&F8&" - Consortium "&F4 -> Demande budgétaire projet Xxx - Consortium
B4: Consortium | R4: Validation par le consortium | U4: jj/mm/aaaa
B5: Comité d'engagement | F5: jj/mm/aaaa | M5: Montant demandé au consortium à reporter dans les autres supports
B6: Type de projet | R6: Contrôles et alertes
B8: Acronyme du projet | F8: Xxx | N8: =O39 -> 0 | S8: Consortium | V8: =IF($F$4="","Attention, le nom du consortium concerné n'est pas renseigné - compléter la cellule F4 à l'aide du menu déroulant","OK") -> Attention, le nom du consortium concerné n'est pas renseigné - compléter la cellule F4 à l'aide du menu déroulant
B9: Membre proposant le projet | S9: Type de projet | V9: =IF($F$6="","Attention, le type de projet de cette demande budgétaire est à compléter en cellule F6 à l'aide du menu déroulant","OK") -> Attention, le type de projet de cette demande budgétaire est à compléter en cellule F6 à l'aide du menu déroulant
L10: Rappel du plafond des frais directs demandés au consortium
B11: Nom de la structure Cofinanceur 1 | O11: =IF('Demande budgétaire'!$F$6='Rappels des règles budgétaires'!$B29,HLOOKUP('Demande budgétaire'!F4,'Rappels des règles budgétaires'!$C$28:$G$30,2), IF('Demande budgétaire'!$F$6='Rappels des règles budgétaires'!$B30,HLOOKUP('Demande budgétaire'!F4,'Rappels des règles budgétaires'!$C$28:$G$30,3), "Merci de remplir la case F4")) -> Merci de remplir la case F4 | S11: Montant des frais directs demandé au consortium | V11: =IF(OR(F39=0,F4="",F6=""),"", IF(F6='Rappels des règles budgétaires'!$B$29,IF($O$29>HLOOKUP(F4,'Rappels des règles budgétaires'!$C$28:$G$30,2),"le budget demandé est au-delà du plafond de "&$F$4&" pour une "&$F$6&" : modifier les montants demandés","ok"), IF(F6='Rappels des règles budgétaires'!$B$30,IF($O$29>HLOOKUP(F4,'Rappels des règles budgétaires'!$C$28:$G$30,3),"le budget demandé est au-delà du plafond de "&$F$4&" pour une "&$F$6&" : modifier les montants demandés","ok"))))
B12: Nom de la structure Cofinanceur 2 | L12: Rappel du ratio max = financement par le consortium / cofinancement | O12: =IF(F6='Rappels des règles budgétaires'!B24,HLOOKUP('Demande budgétaire'!F4,'Rappels des règles budgétaires'!C23:G25,2,),IF('Demande budgétaire'!F6='Rappels des règles budgétaires'!B25,HLOOKUP('Demande budgétaire'!F4,'Rappels des règles budgétaires'!C23:G25,3,),"")) | S12: % demandé au consortium | V12: =IF(O29=0,"",IF(AND(F4="CATRIEM",F6="Prématuration")=TRUE,"ok",IF(J29=0,"Merci de renseigner le montant apporté par le cofinanceur",IF((O29/J39)>O12,"le % demandé au consortium est trop élevé par rapport à l'apport des cofinanceurs","OK"))))
B13: Montant apporté par le(s) cofinanceur(s) | F13: =J29 -> 0 | S13: Ventilation de l'apport | V13: =IF(ISBLANK(J21),"Attention vous devez préciser en J21 si vous souhaitez ou non détailler l'apport du cofinanceur","") -> Attention vous devez préciser en J21 si vous souhaitez ou non détailler l'apport du cofinanceur
S14: Personnels permanents de l'OTT en charge des projets | V14: =IF(O29=0,"",IF(OR($F$4='Rappels des règles budgétaires'!$C$28,$F$4='Rappels des règles budgétaires'!$E$28),"OK", IF($O$23<0.15*(O29-O26),"OK","Attention, le montant demandé à "&$F$4&" pour les personnels permanents de l'OTT directement en charge de l'accompagnement des projets est supérieur à 15% des charges directes, hors PI")))
B15: Nom du Cofinanceur industriel | L15: ="Nom de la structure Récipiendaire 1 du budget "&$F$4&"" -> Nom de la structure Récipiendaire 1 du budget | S15: Protection de la propriété intellectuelle | V15: =IF($O$26>80000,"les frais de PI ne peuvent excéder 80k€", IF(OR($F$4='Rappels des règles budgétaires'!$D$28,$F$4='Rappels des règles budgétaires'!$F$28,$F$4='Rappels des règles budgétaires'!$G$28),"OK", IF($F$6="Maturation","ok", IF(OR($F$26=0,F26=""),"OK","Attention, les frais de PI ne sont pas éligibles en prématuration pour le consortium "&$F$4)))) -> OK
B16: Montant du Cofinancement de l'industriel | F16: 0 | L16: ="Nom de la structure Récipiendaire 2 du budget "&$F$4&"" -> Nom de la structure Récipiendaire 2 du budget | S16: Date de versement | V16: =IF(ISBLANK(U22),"Merci d'indiquer en U22 la date demandée pour le versement des fonds", IF(AND(O16>0,ISBLANK(W22)),"Merci d'indiquer en W22 la date demandée pour le versement des fonds", IF(F6="maturation", IF(ISBLANK(U23),"Merci d'indiquer en U23 la date demandée pour le versement des fonds", IF(ISBLANK(U24),"Merci d'indiquer en U24 la date demandée pour le versement des fonds", IF(AND(O16>0,ISBLANK(W23)),"Merci d'indiquer en W23 la date demandée pour le versement des fonds", IF(AND(O16>0,ISBLANK(W24)),"Merci d'indiquer en W24 la date demandée pour le versement des fonds","ok")))),"ok"))) -> Merci d'indiquer en U22 la date demandée pour le versement des fonds
F18: Budget demandé (à compléter par le membre proposant le projet) | S18: Répartition des versements du Budget alloué par le consortium
F19: TOTAL | I19: Budget apporté par le(s) cofinanceur(s) | M19: Budget demandé au consortium | W19: TOTAL alloué
F20: (cofinanceurs + demande Consortium) | H20: Cofinanceur 1 | I20: Cofinanceur 2 | J20: TOTAL | L20: Récipiendaire 1 | M20: Récipiendaire 2 | N20: Chefs de file | O20: TOTAL | S20: Versement | T20: Récipiendaire 1 | V20: Récipiendaire 2 | X20: Chefs de file | Z20: TOTAL
B21: Charges directes | H21: Je souhaite détailler la ventilation de l'apport par poste : | T21: Montant | U21: Date demandée | V21: Montant | W21: Date demandée | X21: Montant | Y21: Date demandée
B22: Personnels techniques dédiés aux projets | F22: =J22+O22 -> 0 | J22: =SUM(H22:I22) -> 0 | O22: =SUM(L22:M22) -> 0 | S22: =IF($F$6='Rappels des règles budgétaires'!$B$24,"1 sur1",IF('Demande budgétaire'!$F$6='Rappels des règles budgétaires'!$B$25,"1 sur 3","")) | T22: =IF($F$6="","",IF($F$6='Rappels des règles budgétaires'!$B$24,'Demande budgétaire'!L$39,'Rappels des règles budgétaires'!C38*'Demande budgétaire'!L$39)) | V22: =IF($F$6="","",IF($F$6='Rappels des règles budgétaires'!$B$24,'Demande budgétaire'!M$39,'Rappels des règles budgétaires'!C38*'Demande budgétaire'!M$39)) | X22: =IF($F$6="","",IF($F$6='Rappels des règles budgétaires'!$B$24,'Demande budgétaire'!N$39,'Rappels des règles budgétaires'!C38*'Demande budgétaire'!N$39)) | Z22: =T22+V22+X22 -> #VALUE!
B23: Personnels permanents de l'OTT directement en charge de l'accompagnement des projets | F23: =J23+O23 -> 0 | J23: =SUM(H23:I23) -> 0 | O23: =SUM(L23:M23) -> 0 | S23: =IF($F$6='Rappels des règles budgétaires'!$B$24,"",IF('Demande budgétaire'!$F$6='Rappels des règles budgétaires'!$B$25,"2 sur 3","")) | T23: =IF($F$6="","",IF($F$6='Rappels des règles budgétaires'!$B$24,0,'Rappels des règles budgétaires'!D38*'Demande budgétaire'!L$39)) | V23: =IF($F$6="","",IF($F$6='Rappels des règles budgétaires'!$B$24,0,'Rappels des règles budgétaires'!D38*'Demande budgétaire'!M$39)) | X23: =IF($F$6="","",IF($F$6='Rappels des règles budgétaires'!$B$24,0,'Rappels des règles budgétaires'!D38*'Demande budgétaire'!N$39)) | Z23: =T23+V23+X23 -> #VALUE!
B24: Prestations de service externe | F24: =J24+O24 -> 0 | J24: =SUM(H24:I24) -> 0 | O24: =SUM(L24:M24) -> 0 | S24: =IF($F$6='Rappels des règles budgétaires'!$B$24,"",IF('Demande budgétaire'!$F$6='Rappels des règles budgétaires'!$B$25,"3 sur 3","")) | T24: =IF($F$6="","",IF($F$6='Rappels des règles budgétaires'!$B$24,0,'Rappels des règles budgétaires'!E38*'Demande budgétaire'!L$39)) | V24: =IF($F$6="","",IF($F$6='Rappels des règles budgétaires'!$B$24,0,'Rappels des règles budgétaires'!E38*'Demande budgétaire'!M$39)) | X24: =IF($F$6="","",IF($F$6='Rappels des règles budgétaires'!$B$24,0,'Rappels des règles budgétaires'!E38*'Demande budgétaire'!N$39)) | Z24: =T24+V24+X24 -> #VALUE!
B25: Fonctionnement et équipements | F25: =J25+O25 -> 0 | J25: =SUM(H25:I25) -> 0 | O25: =SUM(L25:M25) -> 0 | T25: =SUM(T22:T24) -> 0 | V25: =SUM(V22:V24) -> 0 | X25: =SUM(X22:X24) -> 0 | Z25: =SUM(Z22:Z24) -> #VALUE!
B26: Protection de la propriété intellectuelle | F26: =J26+O26 -> 0 | J26: =SUM(H26:I26) -> 0 | O26: =SUM(L26:M26) -> 0
B27: Apport du cofinanceur NON détaillé | F27: =J27+O27 -> 0 | J27: =SUM(H27:I27) -> 0
B29: Sous-total Charges directes | F29: =J29+O29 -> 0 | H29: =SUM(H22:H27) -> 0 | I29: =SUM(I22:I27) -> 0 | J29: =SUM(H29:I29) -> 0 | L29: =SUM(L22:L26) -> 0 | M29: =SUM(M22:M26) -> 0 | O29: =SUM(O22:O26) -> 0
B31: Charges indirectes | T31: Date de démarrage du projet | U31: Date de fin du projet
B32: Fonctionnement | F32: =J32+O32 -> 0 | J32: =SUM(H32:I32) -> 0 | L32: 0 | O32: =SUM(L32:M32) -> 0
B33: Sous-total Charges indirectes | F33: =J33+O33 -> 0 | H33: 0 | I33: =SUM(I32) -> 0 | J33: =SUM(H33:I33) -> 0 | L33: =SUM(L32) -> 0 | M33: =SUM(M32) -> 0 | O33: =SUM(O32) -> 0
B34: Frais d'environnement et de coordination | T34: Ceci correspond aux dates d'éligibilité des dépenses
B35: Frais d'environnement récipiendaires | L35: =8%*L29 -> 0 | O35: =SUM(L35:M35) -> 0
B36: 12% chefs de file du consortium | N36: =O29*12% -> 0 | O36: =N36 -> 0
B37: Sous-total Frais d'environnement et de coordination | L37: =SUM(L35:L35) -> 0 | M37: =SUM(M35:M35) -> 0 | N37: =SUM(N36) -> 0 | O37: =SUM(O35:O36) -> 0
B39: TOTAL | F39: =J39+O39 -> 0 | J39: =J37+J33+J29 -> 0 | L39: =L37+L33+L29 -> 0 | M39: =M37+M33+M29 -> 0 | N39: =N37+N33+N29 -> 0 | O39: =O37+O33+O29 -> 0
B40: Cofinancement de l'industriel | F40: =-F16 -> 0
